 Dungeon Crawl Stone Soup version 0.31-a0-188-g5e087ee2ca (webtiles) character file.

Game seed: 12582309465723751066

39 qw the Shooter (level 3, -2/15 (20) HPs)
             Began as a Deep Elf Hunter on June 22, 2023.
             Slain by a goblin
             ... wielding a +1 dagger of draining
             ... led by Robin
              (4 damage)
             ... on level 2 of the Dungeon.
             The game lasted 00:00:23 (1057 turns).

qw the Shooter (Deep Elf Hunter)                    Turns: 1057, Time: 00:00:24

HP:   -2/15 (20)    AC:  6    Str: 10    XL:     3   Next: 28%
MP:   5/5           EV:  9    Int: 13    God:
Gold: 88            SH:  0    Dex: 18    Spells: 2/2 levels left

rFire   . . .        Y - +0 shortbow
rCold   . . .        (shield currently unavailable)
rNeg    . . .        f - +0 scale mail
rPois   .            (no helmet)
rElec   .            (no cloak)
rCorr   .            (no gloves)
SInv    .            (no boots)
Will    .....        (no amulet)
Stlth   +            (no ring)
HPRegen 0.22/turn    (no ring)
MPRegen 0.09/turn

%: no passive effects
@: very heavily drained
A: no striking features
a: no special abilities


You were on level 2 of the Dungeon.
You visited 1 branch of the dungeon, and saw 2 of its levels.

You collected 88 gold pieces.


   Skills:
 - Level 1.5 Fighting
 + Level 6.9 Ranged Weapons
 - Level 2.4 Dodging
 - Level 1.2 Stealth


You had 2 spell levels left.
You didn't know any spells.
Your spell library was empty.

Inventory:

Hand Weapons
 Y - a +0 shortbow (weapon)
Armour
 f - a +0 scale mail (worn)
Jewellery
 d - a ring of ice
Potions
 a - a potion of curing {unknown}
 b - a potion of haste {unknown}
 c - a potion of ambrosia {unknown}
 h - a potion of might {unknown}

Dungeon Overview and Level Annotations

Branches:
Dungeon (2/15)

Altars:

Annotations:
D:2 Robin


Message History

The arrow hits the goblin.
The goblin is severely wounded.
The goblin barely misses you.
Robin roars a battlecry!
The goblins go into a battle-frenzy!
You hear a shout!
You shoot an arrow. The arrow hits the goblin.
You kill the goblin!
Robin throws the goblin at you! The goblin barely misses you. x2
You shoot an arrow. The arrow hits the goblin.
You kill the goblin!
The goblin hits you with a +0 club. The goblin barely misses you.
You shoot an arrow. The arrow closely misses the goblin.
The goblin hits you with a +1 dagger of draining.
You feel drained.
A hobgoblin comes into view.
The hobgoblin hits you. The goblin closely misses you.
The goblin hits you with a +1 dagger of draining.
You feel drained.
A goblin comes into view. It is wielding a +0 dagger.
You shoot an arrow. The arrow hits the goblin.
The goblin is severely wounded.
The goblin closely misses you. The goblin hits you but does no damage.
You shoot an arrow. The arrow hits the goblin.
You kill the goblin!
The hobgoblin barely misses you. x2; The goblin barely misses you.
You shoot an arrow. The arrow hits the goblin.
The goblin is almost dead.
The goblin completely misses you. The hobgoblin barely misses you.
The goblin hits you but does no damage.
You feel drained. The hobgoblin closely misses you. The hobgoblin hits you.
You shoot an arrow. The arrow completely misses the goblin.
The hobgoblin hits you. The hobgoblin barely misses you.
Robin hits you with a +0 club. The goblin hits you but does no damage.
You feel drained.
You shoot an arrow. The arrow closely misses the goblin.
Robin throws the goblin at you! The goblin hits you but does no damage.
The hobgoblin barely misses you. The hobgoblin hits you.
The goblin hits you with a +1 dagger of draining.
You die...

..## ...#
#..# ...#
#..# #g.
#######g###
......g@g.#
##....g#g##
###.[...#.#
...:....#.#
........#.#
#.[......#.#
#........#.#
#..........#
#.......).##


You could see Robin, 3 hobgoblins and 2 goblins.

Vanquished Creatures
  A dart slug (D:1)
  6 bats
  2 endoplasms (D:1)
  4 goblins (D:2)
  6 hobgoblins
  4 jackals (D:1)
  A quokka (D:1)
  2 ball pythons
  A frilled lizard (D:1)
  2 kobolds (D:1)
  4 rats
33 creatures vanquished.

Notes
Turn   | Place    | Note
-------+----------+-------------------------------------------
     0 | D:1      | qw the Deep Elf Hunter began the quest for the Orb.
     0 | D:1      | Reached XP level 1. HP: 12/12 MP: 3/3
     0 | D:1      | 0 ||| qw: Version: 0.3-a-9-g12657ce
     0 | D:1      | 0 ||| qw: Game counter: 2893
     0 | D:1      | 0 ||| qw: Always use a shield: true
     0 | D:1      | 0 ||| qw: God list: Okawaru
     0 | D:1      | 0 ||| qw: Allow faded altars: false
     0 | D:1      | 0 ||| qw: Do Orc after D:15 true
     0 | D:1      | 0 ||| qw: Do second Lair branch before Depths: true
     0 | D:1      | 0 ||| qw: Lair rune preference: random
     0 | D:1      | 0 ||| qw: Plans: Normal
     0 | D:1      | 0 ||| PLANNING D:1-11
   179 | D:1      | Reached skill level 6 in Ranged Weapons
   179 | D:1      | Reached XP level 2. HP: 16/16 MP: 4/4
   849 | D:1      | 849 ||| UPGRADING to +0 scale mail.
   859 | D:1      | 859 ||| DROPPING +0 leather armour.
   860 | D:1      | 860 ||| READING scroll labelled MUCWUP UNWOUPT.
   861 | D:1      | 861 ||| READING scroll labelled BOECVOMM DUPT.
   862 | D:1      | 862 ||| DROPPING scroll of butterflies.
   902 | D:2      | Reached XP level 3. HP: 20/20 MP: 5/5
  1046 | D:2      | Noticed Robin
  1056 | D:2      | HP: 4/16 [Robin/+0 club (2)]
  1057 | D:2      | Slain by a goblin

Levels and vault maps discovered:
D:1:      nagdon_arrival_zigzag_paths, layout_loops_corners
D:2:      layout_basic, moated_statue, uniq_robin, uniq_terence, uniq_jessica,
          uniq_crazy_yiuf_cottage

Skill      XL: |  1 |
---------------+----+-----
Ranged Weapons | 6 |  6.9
Fighting       | |  1.5
Dodging        | |  2.4
Stealth        | |  1.2

Action                     || total
---------------------------++-------
   Fire: Shortbow          ||    98
    Use: Scroll            ||     2
 Armour: Leather armour    ||     8
         Scale mail        ||    14
  Dodge: Dodged            ||    34

Table legend:
 A = Non-vault XP
 B = Vault XP
 C = Vault XP percentage of total XP
 D = Non-vault monster count
 E = Vault monster count
 F = Vault count percentage of total count
                 A         B        C        D         E       F
            +---------+---------+-------+---------+---------+-------
      Total |      46 |      11 |  19.3 |      27 |       6 |  18.2
            +---------+---------+-------+---------+---------+-------
        D:1 |      38 |       0 |   0.0 |      22 |       0 |   0.0
        D:2 |       8 |      11 |  57.9 |       5 |       6 |  54.5
            +---------+---------+-------+---------+---------+-------
